[ AOE2 MATCH · #505201963 ]
UnrankedBulgarians vs Cumans
Player's team · WIN
Rival team · LOSS
[ REPLAY ANALYSIS · EXTRACTED FROM THE RECORDED GAME ]
Feudal
8:50
Castle
—
Imperial
—
| APM avg | 47.3 |
| APM peak | 65 |
| eAPM avg | 15.8 |
| Villagers / military | 29 / 9 |
Focus
⚔️ 29.0% · 🌾 71.0%
Militia ×6 · Archer ×3
Feudal
8:51
Castle
—
Imperial
—
| APM avg | 44.7 |
| APM peak | 89 |
| eAPM avg | 22.3 |
| Villagers / military | 34 / 0 |
Focus
⚔️ 64.6% · 🌾 35.4%
Match map
Initial resources + every placement click. Lines = walls · curves = elevation contours. ◆ gold · ⬟ stone · ● berries · ✦ relic · ◌ wall gap
Your base· Open — 2t gap
luff's base· Open — 11t gap
Smoothed initial terrain · ◌ = detected wall gap · hover for details
Inputs per minute
— (***AlBy_Bkr***) - - luff
Build order — (***AlBy_Bkr***)
66 actions detected in the replay
| 0:00 | Create | Villager (Male) |
| 0:01 | Create | Villager (Male) |
| 0:01 | Create | Villager (Male) |
| 0:01 | Create | Villager (Male) |
| 0:02 | Build | House |
| 0:03 | Build | House |
| 1:30 | Create | Villager (Male) |
| 1:31 | Create | Villager (Male) |
| 2:01 | Create | Villager (Male) |
| 2:25 | Create | Villager (Male) |
| 2:25 | Create | Villager (Male) |
| 2:34 | Build | Lumber Camp |
| 2:52 | Create | Villager (Male) |
| 2:52 | Create | Villager (Male) |
| 3:00 | Build | House |
| 3:12 | Create | Villager (Male) |
| 3:12 | Create | Villager (Male) |
| 3:35 | Create | Villager (Male) |
| 3:37 | Create | Villager (Male) |
| 3:51 | Create | Villager (Male) |
| 4:44 | Create | Villager (Male) |
| 5:04 | Create | Villager (Male) |
| 5:04 | Create | Villager (Male) |
| 5:27 | Research | Loom |
| 5:51 | Build | Barracks |
| 6:24 | Build | House |
| 6:39 | Research | Feudal Age |
| 6:39 | Create | Militia |
| 6:52 | Create | Militia |
| 7:38 | Build | Palisade Wall |
| 7:41 | Create | Militia |
| 7:42 | Create | Villager (Male) |
| 8:04 | Create | Villager (Male) |
| 8:13 | Create | Villager (Male) |
| 8:18 | Build | House |
| 8:21 | Build | Mining Camp |
| 8:50 | Age | Feudal Age |
| 8:54 | Build | Archery Range |
| 9:06 | Create | Villager (Male) |
| 9:25 | Create | Villager (Male) |
| 9:28 | Build | Blacksmith |
| 9:43 | Create | Villager (Male) |
| 9:56 | Build | Watch Tower |
| 10:09 | Create | Villager (Male) |
| 10:26 | Create | Militia |
| 10:43 | Create | Militia |
| 10:43 | Create | Militia |
| 10:46 | Build | House |
| 11:09 | Build | House |
| 11:39 | Create | Archer |
| 11:49 | Build | House |
| 12:20 | Build | House |
| 12:52 | Build | House |
| 12:56 | Create | Archer |
| 13:53 | Create | Villager (Male) |
| 14:10 | Create | Archer |
| 15:27 | Research | Fletching |
| 16:19 | Build | House |
| 16:52 | Build | Mill |
| 17:12 | Build | Palisade Wall |
| 17:16 | Build | Palisade Wall |
| 17:39 | Build | Mill |
| 18:42 | Create | Villager (Male) |
| 18:43 | Create | Villager (Male) |
| 18:57 | Build | Mining Camp |
| 19:37 | Build | Outpost |
Build order — luff
54 actions detected in the replay
| 0:00 | Create | Villager (Male) |
| 0:01 | Create | Villager (Male) |
| 0:01 | Create | Villager (Male) |
| 0:02 | Build | House |
| 0:03 | Build | House |
| 0:07 | Create | Villager (Male) |
| 1:18 | Create | Villager (Male) |
| 1:57 | Create | Villager (Male) |
| 2:25 | Create | Villager (Male) |
| 2:25 | Create | Villager (Male) |
| 2:51 | Create | Villager (Male) |
| 3:14 | Create | Villager (Male) |
| 3:19 | Build | House |
| 3:27 | Build | Lumber Camp |
| 3:50 | Create | Villager (Male) |
| 4:01 | Create | Villager (Male) |
| 4:01 | Create | Villager (Male) |
| 4:01 | Create | Villager (Male) |
| 4:30 | Create | Villager (Male) |
| 5:05 | Create | Villager (Male) |
| 5:26 | Build | Mill |
| 5:48 | Research | Loom |
| 6:29 | Research | Feudal Age |
| 7:34 | Create | Villager (Male) |
| 7:35 | Create | Villager (Male) |
| 7:37 | Build | House |
| 8:17 | Build | House |
| 8:51 | Age | Feudal Age |
| 9:02 | Research | Double-Bit Axe |
| 9:06 | Create | Villager (Male) |
| 9:06 | Create | Villager (Male) |
| 9:26 | Create | Villager (Male) |
| 9:56 | Build | Town Center |
| 10:34 | Build | Palisade Wall |
| 10:35 | Build | Palisade Wall |
| 10:39 | Build | Palisade Wall |
| 10:40 | Build | Palisade Wall |
| 13:56 | Build | Town Center |
| 16:30 | Build | Palisade Wall |
| 17:01 | Create | Villager (Male) |
| 17:23 | Build | Palisade Gate |
| 17:27 | Build | Palisade Wall |
| 17:31 | Create | Villager (Male) |
| 17:31 | Create | Villager (Male) |
| 17:48 | Create | Villager (Male) |
| 17:48 | Create | Villager (Male) |
| 18:10 | Create | Villager (Male) |
| 18:31 | Create | Villager (Male) |
| 18:31 | Create | Villager (Male) |
| 18:51 | Create | Villager (Male) |
| 19:12 | Create | Villager (Male) |
| 19:34 | Create | Villager (Male) |
| 19:46 | Create | Villager (Male) |
| 19:46 | Create | Villager (Male) |
Match timeline
| 5:51 | (***AlBy_Bkr***) · first_building Barracks |
| 7:38 | (***AlBy_Bkr***) · wall_segment Palisade Wall x1 |
| 8:50 | (***AlBy_Bkr***) · age_up feudal |
| 8:51 | luff · age_up feudal |
| 8:54 | (***AlBy_Bkr***) · first_building Archery Range |
| 10:34 | luff · wall_segment Palisade Wall x1 |
| 10:35 | luff · wall_segment Palisade Wall x7 |
| 10:39 | luff · wall_segment Palisade Wall x1 |
| 10:40 | luff · wall_segment Palisade Wall x1 |
| 16:30 | luff · wall_segment Palisade Wall x1 |
| 17:12 | (***AlBy_Bkr***) · wall_segment Palisade Wall x1 |
| 17:16 | (***AlBy_Bkr***) · wall_segment Palisade Wall x1 |
| 17:27 | luff · wall_segment Palisade Wall x1 |
| 20:13 | luff · resign |
[ AI ANALYSIS · 1 CREDIT ]
What really happened in this match?
Wolo.gg analyzes every decision: build order, eco, micro, common mistakes by bracket. Personalized analysis on WhatsApp or Discord in 30 seconds.
Civ guide
Bulgarians
Perfil
Jugador #1444796